Map: Romanticide LE

Players

RAGNAROK (SHIN) - Winner!

  • Race: Zerg Zerg
  • League: Grandmaster
  • Spawn Location: 11:00

TYTY (TY)

  • Race: Terran Terran
  • League: Grandmaster
  • Spawn Location: 5:00

Event: TSL 6

VOD

Have the link to the VOD?

Description

Time

  • Played on: Dec. 13, 2020, 9:30 a.m.
  • Length: 10:44

All games in this series

Show
View Real Time Build Order
Export as new Build Order

RAGNAROK Zerg - Winner!

Build Orders: Pool First 

Get SALT Encoding   

  12  0:00  Drone  
  13  0:12  Overlord  
  13  0:16  Drone  
  14  0:31  Drone x2  
  16  0:39  Spawning Pool  
  15  0:43  Drone  
  15  0:47  Drone  
  17  1:07  Hatchery  
  17  1:11  Drone  
  17  1:25  Extractor  
  16  1:26  Zergling x4  
  16  1:28  Zergling x2  
  16  1:31  Queen  
  21  1:38  Overlord  
  21  1:52  Drone  
  22  2:00  Drone  
  23  2:07  Queen  
  25  2:11  Drone  
  26  2:19  Queen  
  26  2:20  Drone  
  29  2:24  Drone  
  30  2:30  Drone  
  30  2:32  Drone  
  30  2:35  Metabolic Boost  
  31  2:39  Drone  
  31  2:40  Drone  
  31  2:42  Drone  
  31  2:43  Drone  
  34  2:46  Drone  
  35  2:51  Overlord  
  35  2:54  Drone  
  36  3:04  Overlord  
  36  3:16  Hatchery  
  36  3:19  Drone x3  
  38  3:20  Drone  
  38  3:23  Drone  
  40  3:30  Extractor, Roach Warren  
  40  3:32  Drone  
  39  3:36  Overlord  
  39  3:40  Zergling x4  
  41  3:42  Zergling x2  
  41  3:44  Zergling x2  
  41  3:48  Overlord  
  43  3:51  Overlord  
  43  4:09  Roach  
  49  4:10  Roach x3  
  49  4:13  Overlord  
  49  4:14  Roach  
  49  4:15  Roach  
  55  4:19  Roach  
  55  4:20  Roach  
  59  4:34  Zergling x2  
  59  4:35  Zergling x8  
  59  4:37  Overlord  
  64  4:43  Drone x5  
  69  4:51  Spore Crawler  
  69  4:52  Spore Crawler  
  67  4:53  Drone x2  
  67  4:54  Drone  
  70  5:01  Queen  
  70  5:05  Roach  
  74  5:08  Roach  
  74  5:09  Roach  
  74  5:13  Spore Crawler  
  77  5:16  Roach  
  77  5:17  Roach  
  81  5:24  Overlord  
  81  5:25  Roach  
  81  5:26  Spore Crawler  
  81  5:37  Roach  
  77  5:43  Drone x3  
  77  5:44  Drone  
  77  5:48  Lair  
  77  5:49  Drone  
  81  5:56  Drone  
  81  6:01  Drone  
  81  6:03  Hatchery  
  79  6:06  Drone  
  79  6:08  Spore Crawler  
  79  6:10  Drone  
  78  6:18  Drone x3  
  70  6:19  Drone  
  70  6:21  Drone  
  65  6:28  Drone  
  65  6:29  Extractor  
  65  6:31  Drone  
  66  6:34  Queen  
  66  6:35  Drone  
  66  6:36  Drone x2  
  66  6:38  Extractor  
  70  6:40  Drone  
  70  6:44  Spore Crawler  
  70  6:47  Spire, Overseer  
  70  6:49  Roach x2  
  70  6:50  Roach x2  
  71  6:55  Drone  
  71  6:56  Drone  
  73  7:05  Drone  
  74  7:08  Drone  
  74  7:13  Drone x3  
  78  7:17  Queen  
  78  7:22  Drone x5  
  85  7:25  Overlord  
  85  7:28  Extractor  
  85  7:29  Extractor  
  83  7:51  Drone  
  83  7:53  Drone  
  83  7:54  Drone  
  83  8:00  Mutalisk x7  
  83  8:02  Overlord x3, Drone  
  83  8:03  Zerg Flyer Weapons Level 1  
  98  8:10  Drone x3, Evolution Chamber  
  98  8:11  Evolution Chamber  
  96  8:21  Overlord, Mutalisk x4  
  96  8:23  Drone x2  
  96  8:25  Drone  
  103  8:32  Drone x2  
  103  8:33  Drone  
  106  8:34  Drone x3  
  106  8:35  Drone  
  106  8:36  Drone  
  111  8:43  Zerg Ground Armor Level 1, Zerg Melee Weapons Level 1  
  111  8:45  Overlord  
  111  8:48  Mutalisk  
  113  8:56  Mutalisk x3  
  113  8:58  Drone  
  120  9:06  Drone x4  
  122  9:10  Overlord  
  122  9:13  Zergling x10  
  127  9:20  Baneling Nest  
  127  9:22  Pneumatized Carapace, Overseer  
  123  9:25  Drone x3  
  124  9:31  Hatchery  
  124  9:33  Zergling x6  
  124  9:36  Ravager x5  
  131  9:40  Overlord  
  131  9:42  Ravager  
  132  9:48  Overlord  
  130  9:53  Mutalisk  
  130  9:57  Overlord  
  132  10:01  Overlord  
  132  10:03  Overlord  
  132  10:06  Overlord  
  130  10:07  Zergling x14  
  130  10:08  Baneling x3  
  130  10:09  Baneling  
  137  10:16  Zergling x16  
  144  10:25  Zergling x2  
  144  10:26  Zergling x8  
Show
View Real Time Build Order
Export as new Build Order

TYTY Terran 

Build Orders: Gas First Reaper Expand, Hellion Banshee 

Get SALT Encoding   

  12  0:00  SCV  
  13  0:12  SCV  
  14  0:17  Supply Depot  
  14  0:24  SCV  
  14  0:28  Refinery  
  15  0:38  SCV  
  16  0:43  Barracks  
  16  0:51  SCV  
  17  1:03  SCV  
  18  1:15  SCV  
  19  1:30  Orbital Command, Reaper  
  20  1:42  Command Center  
  20  1:53  Factory  
  20  1:56  SCV  
  21  2:05  Barracks Reactor  
  21  2:11  Supply Depot  
  21  2:12  SCV  
  22  2:23  Refinery  
  22  2:24  SCV  
  23  2:36  Hellion, SCV  
  26  2:42  Marine x2  
  28  2:47  Starport  
  28  2:48  SCV  
  29  3:00  SCV  
  30  3:09  Orbital Command  
  30  3:11  Hellion  
  30  3:12  SCV  
  33  3:13  Hellion  
  35  3:24  SCV  
  35  3:26  Starport Tech Lab  
  38  3:34  Supply Depot, Hellion x2  
  38  3:36  SCV x2  
  42  3:44  Banshee  
  42  3:48  Cloaking Field, SCV  
  46  3:56  Supply Depot, SCV  
  46  4:00  SCV  
  46  4:01  Hellion  
  50  4:05  Hellion  
  50  4:08  SCV  
  53  4:13  SCV  
  53  4:14  Armory  
  54  4:20  SCV  
  55  4:25  Barracks Tech Lab, SCV  
  55  4:27  Banshee  
  59  4:31  Supply Depot  
  59  4:32  SCV  
  59  4:35  Hellion  
  62  4:53  Hellion, SCV x2  
  62  4:54  Supply Depot  
  62  4:55  Command Center  
  66  5:05  SCV x2, Marine  
  69  5:16  Hellion x2  
  69  5:17  SCV  
  69  5:19  Supply Depot  
  74  5:24  Banshee  
  77  5:29  Marine  
  75  5:40  Hellion, SCV x2  
  75  5:41  Hellion  
  66  5:48  Marine  
  57  5:52  SCV x2  
  50  6:02  Hellion  
  43  6:04  SCV x2  
  43  6:06  Marine  
  43  6:07  Hellion  
  43  6:08  Banshee  
  46  6:15  Orbital Command  
  39  6:20  SCV x2  
  40  6:25  Hellion  
  40  6:32  SCV  
  41  6:38  SCV  
  42  6:41  SCV  
  42  6:44  Barracks Tech Lab, SCV  
  44  6:50  Hellion x2  
  44  6:53  SCV  
  52  7:03  Marine  
  52  7:04  SCV  
  52  7:05  SCV  
  55  7:14  Stimpack  
  59  7:18  Barracks  
  59  7:19  SCV x2  
  59  7:21  Barracks, Marine  
  59  7:22  Factory Reactor  
  55  7:23  SCV  
  56  7:31  Engineering Bay x2  
  56  7:33  SCV x2  
  58  7:37  SCV  
  58  7:39  Marine  
  60  7:44  Starport Reactor  
  60  7:45  SCV x2  
  60  7:49  SCV  
  63  7:57  SCV x2, Marine  
  63  8:01  SCV  
  63  8:04  Terran Infantry Armor Level 1, Terran Infantry Weapons Level 1  
  63  8:05  Refinery  
  64  8:12  Marine x2  
  67  8:14  Marine  
  67  8:17  SCV x2  
  67  8:18  SCV  
  66  8:26  Marine  
  66  8:27  Marine  
  64  8:28  Medivac x2  
  64  8:29  SCV  
  64  8:30  Marine x2  
  64  8:32  Missile Turret x2, Marine  
  72  8:35  SCV x2  
  72  8:44  Siege Tank, Marine  
  72  8:45  SCV  
  72  8:46  Marine  
  72  8:47  SCV  
  79  8:49  Marine  
  79  8:50  Marine  
  77  8:56  Orbital Command  
  77  8:58  Medivac, Marine  
  77  9:02  Marine  
  79  9:04  Marine  
  79  9:07  Marine  
  79  9:09  Marine  
  78  9:12  Supply Depot  
  78  9:15  Supply Depot  
  78  9:16  Combat Shield  
  78  9:25  Barracks, Siege Tank  
  78  9:26  Barracks, Marine x3  
  78  9:27  SCV x2  
  80  9:38  SCV  
  80  9:39  Missile Turret  
  80  9:40  Marine x2  
  80  9:42  Medivac  
  80  9:44  Marine x3  
  88  9:49  SCV x2  
  88  9:56  Medivac  
  88  9:58  Marine x2  
  90  10:00  SCV  
  90  10:01  SCV, Marine  
  90  10:02  SCV, Marine  
  92  10:08  Marine  
  92  10:09  Siege Tank  
  97  10:14  Marine x2  
  97  10:16  Marine x2  
  101  10:21  Marine  
  101  10:23  Marine  
  101  10:24  Supply Depot  
Tags
 
Add a new tag
Caveats
  • Supply blocks, unpowered buildings, or Contaminate may cause inaccurate times.
  • Supply counts are checked every 10 seconds.